 Dungeon Crawl Stone Soup version 0.24-a0-619-gb7544fd (webtiles) character file.

Game seed: 11872364372108551531, levelgen mode: deterministic

417 silenth the Cudgeler (level 6, 0/52 HPs)
             Began as a Demigod Gladiator on Sept 18, 2019.
             Succumbed to an orc wizard's poison
             ... on level 4 of the Dungeon.
             The game lasted 00:05:19 (3999 turns).

silenth the Cudgeler (Demigod Gladiator)            Turns: 3999, Time: 00:05:19

Health: 0/52       AC: 10    Str: 24    XL:     6   Next: 34%
Magic:  8/8        EV:  9    Int: 14    God:
Gold:   135        SH:  0    Dex: 19    Spells: 5/5 levels left

rFire    . . .     SeeInvis .   a - +0 flail
rCold    + . .     Gourm    +   (no shield)
rNeg     . . .     Faith    .   u - +0 chain mail
rPois    +         Spirit   .   c - +0 helmet
rElec    .         Reflect  .   t - +0 cloak
rCorr    .         Harm     .   (no gloves)
MR       .....                  (no boots)
Stlth    ..........             h - amulet of the gourmand
HPRegen  0.17/turn              m - ring of flight
MPRegen  0.11/turn              p - ring of protection from cold

@: mighty, lethally poisoned (0 -> -10), flying
A: agile 1, high mp 1, poison resistance
a: no special abilities


You were on level 4 of the Dungeon.
You were very full.

You visited 1 branch of the dungeon, and saw 4 of its levels.

You collected 135 gold pieces.

Inventory:

Hand Weapons
 a - a +0 flail (weapon)
Armour
 b - a +0 leather armour
 c - a +0 helmet (worn)
 t - a +0 cloak (worn)
 u - a +0 chain mail (worn)
Jewellery
 h - an amulet of the gourmand (around neck)
 m - a ring of flight (left hand)
 p - a ring of protection from cold (right hand)
Scrolls
 f - 3 scrolls of magic mapping {unknown}
 g - a scroll of enchant armour {unknown}
 i - a scroll of teleportation {unknown}
 j - 3 scrolls of identify {unknown}
 n - a scroll of fear {unknown}
 q - a scroll of remove curse {unknown}
 r - a scroll of amnesia
 s - 4 scrolls of enchant weapon {unknown}
 v - a scroll of noise {unknown}
Potions
 l - a potion of flight
Comestibles
 e - 5 rations


   Skills:
 + Level 3.9 Fighting
 * Level 5.9 Maces & Flails
 - Level 1.7 Throwing
 - Level 2.6 Dodging


You had 5 spell levels left.
You didn't know any spells.
Your spell library was empty.

Dungeon Overview and Level Annotations

Branches:
Dungeon (4/15)
 Temple: D:4-7


Innate Abilities, Weirdness & Mutations

You have an increased reservoir of magic. (+10% MP)
You are agile. (Dex +2)
Your system is resistant to poisons. (rPois)


Message History

You feel sick.
Items here: $ )) ? [[ ††† Sorry, you're not good enough to have a special ability.
Unknown command.
r - 2 scrolls labeled YREAGI PAOMPUCH (gained 1)
* * * LOW HITPOINT WARNING * * *
You feel sick.
As you read the scroll labeled YREAGI PAOMPUCH, it crumbles to dust.
It is a scroll of amnesia.
You feel forgetful for a moment.
* * * LOW HITPOINT WARNING * * *
You feel sick.
Unknown command.
* * * LOW HITPOINT WARNING * * *
You feel sick.
Things that are here:
a +0 war axe; 10 stones; a +0 scale mail
* * * LOW HITPOINT WARNING * * *
You feel sick.
You die...

###### #.######.# #..#
.......#########.# #.# #..#
#####.....(......# #># ###..#
.......#########.# #.# #....#
######.# #(# #.# #.##.#
#.#########)### #.# #.##.#
#..........)..# #.# #.##.#
#.>....####.#.####.###.##.#
#........ #@...##...#...#.#
#......#.##(..............#
######......#.#.##.##....#...###
)......##.###..#######......##
######.##.#####.## ##.#######
#...........###.##
####.⚑..####.#.## #..........##
############


There were no monsters in sight!

Vanquished Creatures
  An ogre (D:4)
  A howler monkey (D:4)
  2 orc priests
  Jessica (D:2)
  A worker ant (D:4)
  An orc wizard (D:4)
  2 adders
  2 oozes
  4 worms
  2 dart slugs (D:3)
  9 leopard geckos
  13 orcs
  6 giant cockroaches
  5 goblins
  13 hobgoblins
  4 jackals
  A ball python (D:3)
  10 bats
  A frilled lizard (D:1)
  A jackal skeleton (D:4)
  6 kobolds
  11 rats
97 creatures vanquished.

Notes
Turn   | Place    | Note
-------+----------+-------------------------------------------
     0 | D:1      | silenth the Demigod Gladiator began the quest for the Orb.
     0 | D:1      | Reached XP level 1. HP: 17/17 MP: 3/3
   279 | D:1      | Reached skill level 2 in Fighting
   279 | D:1      | Reached skill level 3 in Maces & Flails
   319 | D:1      | Reached XP level 2. HP: 13/24 MP: 4/4
   819 | D:1      | Reached XP level 3. HP: 27/30 MP: 5/5
  1176 | D:2      | Noticed Jessica
  1457 | D:2      | Killed Jessica
  1457 | D:2      | Reached skill level 4 in Maces & Flails
  1457 | D:2      | Reached XP level 4. HP: 12/37 MP: 6/6
  1757 | D:2      | Found a sparkling altar of Nemelex Xobeh.
  2083 | D:2      | Found a glowing silver altar of Zin.
  2565 | D:3      | Reached skill level 3 in Fighting
  2894 | D:3      | Reached XP level 5. HP: 44/45 MP: 7/7
  2982 | D:3      | Found a shattered altar of Ashenzari.
  3484 | D:4      | Found a shimmering altar of Xom.
  3521 | D:4      | Reached skill level 5 in Maces & Flails
  3573 | D:4      | Found a bloodstained altar of Trog.
  3582 | D:4      | Noticed an ogre
  3611 | D:4      | Killed an ogre
  3611 | D:4      | Reached XP level 6. HP: 25/52 MP: 8/8
  3981 | D:4      | Gained mutation: You are agile. (Dex +2) [potion of
                  | mutation]
  3981 | D:4      | Gained mutation: Your system is resistant to poisons.
                  | (rPois) [potion of mutation]
  3994 | D:4      | HP: 5/52 [poisoned by an orc wizard]
  3996 | D:4      | HP: 2/52 [poisoned by an orc wizard]
  3999 | D:4      | Succumbed to an orc wizard's poison

Levels and vault maps discovered:
D:1:      shiori_arrival_maze, layout_basic
D:2:      layout_loops_cross, zin_treasury, nicolae_overflow_hidden_temple,
          minmay_cupped, uniq_jessica
D:3:      layout_loops_corners, ashenzari_altar_1
D:4:      layout_loops_ring, bloody_trog, nicolae_overflow_crystal_walls,
          gammafunk_ghost_grave, kennysheep_generic_room_2

Skill      XL: |  1  2  3  4  5 |
---------------+----------------+-----
Fighting       | 2 3 |  3.9
Maces & Flails | 3 4 5 |  5.9
Throwing       | |  1.7
Dodging        | |  2.6

Action                   |  1- 3 |  4- 6 || total
-------------------------+-------+-------++-------
Melee: Flail             |   131 |   196 ||   327
Throw: Throwing net      |     1 |     3 ||     4
  Use: Potion            |       |     5 ||     5
       Scroll            |       |     1 ||     1
 Stab: Sleeping          |     1 |     4 ||     5
  Eat: Chunk             |     3 |    14 ||    17
Armor: Leather armour    |    43 |    29 ||    72
       Chain mail        |       |    44 ||    44
Dodge: Dodged            |   116 |   133 ||   249

Table legend:
 A = Non-vault XP
 B = Vault XP
 C = Vault XP percentage of total XP
 D = Non-vault monster count
 E = Vault monster count
 F = Vault count percentage of total count
                 A         B        C        D         E       F
            +---------+---------+-------+---------+---------+-------
      Total |     543 |      54 |   9.0 |      92 |       5 |   5.2
            +---------+---------+-------+---------+---------+-------
        D:1 |      59 |       2 |   3.3 |      29 |       2 |   6.5
        D:2 |      55 |      52 |  48.6 |      21 |       3 |  12.5
        D:3 |     113 |       0 |   0.0 |      30 |       0 |   0.0
        D:4 |     316 |       0 |   0.0 |      12 |       0 |   0.0
            +---------+---------+-------+---------+---------+-------
